 Dungeon Crawl Stone Soup version 0.32-a0-673-g3729bd50f8 (webtiles) character file.

Game seed: 7175220947849202023

138 mopl the Sneak (level 5, -3/24 HPs)
             Began as a Vine Stalker Enchanter on Mar 10, 2024.
             Slain by an orc
             ... wielding a +0 falchion
              (7 damage)
             ... on level 3 of the Dungeon.
             The game lasted 00:02:43 (1553 turns).

mopl the Sneak (Vine Stalker Enchanter)             Turns: 1553, Time: 00:02:44

Health: -3/24      AC:  2    Str: 10    XL:     5   Next: 21%
Magic:  0/10       EV: 12    Int: 17    God:
Gold:   141        SH:  0    Dex: 15    Spells: 2/10 levels left

rFire   . . .        a - +1 dagger
rCold   . . .        (no shield)
rNeg    . . .        j - +0 robe
rPois   .            (no helmet)
rElec   .            (no cloak)
rCorr   .            (no gloves)
SInv    .            (no boots)
Will    .....        (no amulet)
Stlth   +++          (no ring)
HPRegen 1.04/turn    (no ring)
MPRegen 0.12/turn

%: guardian spirit
@: no status effects
A: fangs 2, regeneration 1, magic shield, antimagic bite, no potion heal 2
a: no special abilities


You were on level 3 of the Dungeon.
You visited 1 branch of the dungeon, and saw 3 of its levels.

You collected 141 gold pieces.

Inventory:

Hand Weapons
 a - a +1 dagger (weapon)
 b - a +2 short sword of electrocution
Armour
 j - a +0 robe (worn)
 n - a +2 pair of boots of rampaging
Scrolls
 d - a scroll of immolation {unknown}
 e - a scroll of identify {unknown}
 g - 2 scrolls of amnesia {unknown}
 h - 2 scrolls of vulnerability {unknown}
 k - a scroll of teleportation {unknown}
 l - a scroll of fog {unknown}
Potions
 c - 2 potions of invisibility
 f - a potion of heal wounds {unknown}
 i - a potion of berserk rage {unknown}
 m - a potion of curing {unknown}


   Skills:
 + Level 1.7 Short Blades
 - Level 1.5 Dodging
 * Level 5.0 Stealth
 * Level 3.3 Spellcasting
 * Level 3.9 Hexes


You had 2 spell levels left.
You knew the following spells:

 Your Spells              Type           Power      Damage    Failure   Level
b - Ensorcelled Hibernat  Hex/Ice        18%        N/A       12%         2
c - Confusing Touch       Hex            16%        N/A       10%         3
d - Tukima's Dance        Hex            16%        N/A       10%         3

Your spell library contained the following spells:

 Spells                   Type           Power      Damage    Failure   Level
 Dazzling Flash           Conj/Hex       18%        N/A       22%         3


Dungeon Overview and Level Annotations

Branches:
Dungeon (3/15)

Altars:

Shops:
D:1 (


Innate Abilities, Weirdness & Mutations

You have extremely sharp teeth.
Your natural rate of healing is unusually fast.
When hurt, damage is shared between your health and your magic reserves.
Your bite disrupts and absorbs the magic of your enemies.
Potions cannot restore your health.


Message History

The orc is lightly wounded.
The orc misses you.
You closely miss the orc.
The orc is lightly wounded.
The orc hits you with a +0 flail.
* * * LOW HITPOINT WARNING * * *
You closely miss the orc. You bite the orc, but do no damage.
The orc is lightly wounded.
The orc barely misses you.
You hit the orc but do no damage. You bite the orc. You drain its power.
You feel invigorated.
The orc is almost dead.
Casting: Ensorcelled Hibernation (safe; 12% risk of failure)
Confirm with . or Enter, or press ? or * to list all spells.
Aiming: Ensorcelled Hibernation (safe; 12% risk of failure)
Press: ? - help, Shift-Dir - straight line, f/p - orc
Aim: an orc, wielding a +0 flail and wearing a +0 ring mail (almost dead, chance to affect: 61%)
The orc looks drowsy...
The helpless orc fails to defend itself.
You impale the orc!!
You kill the orc!
Casting: Ensorcelled Hibernation (safe; 12% risk of failure)
Confirm with . or Enter, or press ? or * to list all spells.
Aiming: Ensorcelled Hibernation (safe; 12% risk of failure)
Press: ? - help, Shift-Dir - straight line, f - orc
Aim: an orc, wielding a +0 falchion and wearing a +0 scale mail (chance to affect: 61%)
The orc resists with significant effort.
The orc hits you with a +0 falchion.
* * * LOW HITPOINT WARNING * * *
You hit the orc.
The orc is moderately wounded.
The orc hits you with a +0 falchion.
* * * LOW HITPOINT WARNING * * *
You closely miss the orc. You bite the orc, but do no damage.
The orc is moderately wounded.
The orc completely misses you.
You hit the orc but do no damage. Your bite misses the orc.
The orc is moderately wounded.
The orc hits you with a +0 falchion!
You die...

#.##...## #####.#
#......# #.....#
#.##....# #.##### ..
##.#.# #.# #. #.#.#
##.## #
#.#.####...####
#$#............
#.#####.#.####...###.
#...@o....# ##.##
#.#####.#.# ##.####.
#..#.###...^...
#.###.....###..
##o#.#.#...#... o
##........ .#
##.#.#+#. .. #...#.#
#.###.#


You could see an orc.

Vanquished Creatures
  An orc wizard (D:3)
  3 gnolls (D:2)
  3 adders (D:2)
  A dart slug (D:3)
  A ribbon worm (D:2)
  3 orcs (D:3)
  3 endoplasms
  4 goblins
  5 hobgoblins
  2 jackals (D:2)
  4 kobolds
  2 quokkas (D:1)
  5 ball pythons
  3 bats (D:1)
  5 frilled lizards (D:1)
  8 rats
53 creatures vanquished.

Vanquished Creatures (collateral kills)
  A kobold (D:2)
1 creature vanquished.

Grand Total: 54 creatures vanquished

Notes
Turn   | Place    | Note
-------+----------+-------------------------------------------
     0 | D:1      | mopl the Vine Stalker Enchanter began the quest for the
                  | Orb.
     0 | D:1      | Reached XP level 1. HP: 9/9 MP: 4/4
    85 | D:1      | Reached skill level 1 in Short Blades
   128 | D:1      | Reached XP level 2. HP: 13/13 MP: 4/6
   137 | D:1      | Learned a level 2 spell: Ensorcelled Hibernation
   320 | D:1      | Found Rupsus's Antique Weapon Boutique.
   332 | D:1      | Reached skill level 4 in Stealth
   565 | D:1      | Reached XP level 3. HP: 16/16 MP: 5/7
   569 | D:1      | Learned a level 3 spell: Confusing Touch
   929 | D:2      | Reached XP level 4. HP: 21/21 MP: 9/9
   985 | D:2      | Learned a level 3 spell: Tukima's Dance
   988 | D:2      | Reached skill level 3 in Spellcasting
  1030 | D:2      | Found a faded altar of an unknown god.
  1530 | D:3      | Reached skill level 5 in Stealth
  1530 | D:3      | Reached XP level 5. HP: 24/24 MP: 5/10
  1553 | D:3      | Slain by an orc

Illustrated notes

Levels and vault maps discovered:
D:1:      beargit_arrival_greenhouse, layout_loops_ring, serial_shops, shop,
          minmay_statues_item, st_stairs_13
D:2:      layout_basic, shapermc_ecumenical_altar_mp_highgroup,
          kennysheep_generic_room_15
D:3:      layout_loops_ring, mainiacjoe_overflow_surrounded_room, uniq_natasha

Skill      XL: |  1  2  3  4 |
---------------+-------------+-----
Short Blades   | 1 |  1.7
Stealth        | 4 5 |  5.0
Spellcasting   | 3 |  3.3
Dodging        | |  1.5
Hexes          | |  3.9

Action                     |  1- 3 |  4- 6 || total
---------------------------+-------+-------++-------
  Melee: Dagger            |    70 |    63 ||   133
         Bite              |    15 |    16 ||    31
   Cast: Ensorcelled Hiber |     5 |    15 ||    20
         Tukima's Dance    |       |     1 ||     1
   Stab: Sleeping          |     8 |    10 ||    18
 Armour: Robe              |    24 |    28 ||    52
  Dodge: Dodged            |    46 |    27 ||    73

Table legend: (Time is in decaauts)
 A = Elapsed time spent in this place.
 B = Non-inter-level travel time spent in this place.
 C = Inter-level travel time spent in this place.
 D = Time resting spent in this place.
 E = Time spent auto-exploring this place.
 F = Levels seen in this place.
 G = Mean time per level.
                   A        B        C        D        E       F      G
               +--------+--------+--------+--------+--------+-----+--------+
         Total |   1545 |   1508 |     37 |     65 |   1032 |   3 |  515.0 |
       Dungeon |   1545 |   1508 |     37 |     65 |   1032 |   3 |  515.0 |
               +--------+--------+--------+--------+--------+-----+--------+

Top non-repeatable levels by time:
     D:1: 744 daAuts
     D:2: 544 daAuts
     D:3: 255 daAuts
